 Dungeon Crawl Stone Soup version 0.30-a0-782-ge64f9170bb (webtiles) character file.

Game seed: 13251233224753701710

1792 shadizar the Trooper (level 9, 0/58 HPs)
             Began as a Gargoyle Fighter on Mar 18, 2023.
             Was a Believer of Okawaru.
             Slain by an ogre
             ... wielding a +0 giant spiked club
              (11 damage)
             ... on level 7 of the Dungeon.
             The game lasted 00:07:43 (5614 turns).

shadizar the Trooper (Gargoyle Fighter)             Turns: 5614, Time: 00:07:44

Health: 0/58       AC: 19    Str: 31    XL:     9   Next: 9%
Magic:  8/9        EV:  9    Int:  9    God:    Okawaru [**....]
Gold:   199        SH:  4    Dex:  7    Spells: 8/8 levels left

rFire   . . .      SeeInvis .    y - +6 spear of the Bursting Messenger {heavy, Contam Will+ Str+7 Dex-2 Stlth+}
rCold   + . .      Faith    .    c - +0 buckler
rNeg    + . .      Spirit   .    k - +0 chain mail
rPois   ∞          Reflect  .    (no helmet)
rElec   +          Harm     .    e - +0 cloak
rCorr   .          Rampage  .    q - +0 pair of gloves
Will    ++...                    (no boots) Stlth
                                 (no amulet)
HPRegen 0.29/turn                B - ring of protection from cold
MPRegen 0.11/turn                E - ring of willpower

@: no status effects
A: sickness immunity, AC +6, negative energy resistance 1, electricity
resistance, torment resistance 1, petrification resistance
a: Renounce Religion, Heroism


You were on level 7 of the Dungeon.
You worshipped Okawaru.
Okawaru was pleased with you.
You visited 2 branches of the dungeon, and saw 8 of its levels.

You collected 391 gold pieces.
You spent 192 gold pieces at shops.

Inventory:

Hand Weapons
 t - a +0 war axe of electrocution
 v - a +1 flail of draining
 w - a +0 morningstar
 y - the +6 spear of the Bursting Messenger (weapon) {heavy, Contam Will+ Str+7 Dex-2 Stlth+}
   (You bought it in a shop on level 5 of the Dungeon)

   Str:       It affects your strength (+7).
   Dex:       It affects your dexterity (-2).
   Contam:    It causes magical contamination when unequipped.
   Will:      It increases your willpower.
   Stlth:     It makes you more stealthy.
Armour
 c - a +0 buckler (worn)
 e - a +0 cloak (worn)
 k - a +0 chain mail (worn)
 q - a +0 pair of gloves (worn)
Jewellery
 g - a ring of see invisible
 B - a ring of protection from cold (left hand)
 E - a ring of willpower (right hand)
 G - a ring of flight
Wands
 x - a wand of flame (12)
Scrolls
 a - 6 scrolls of teleportation {unknown}
 f - a scroll of immolation {unknown}
 i - 3 scrolls of noise {unknown}
 j - 8 scrolls of identify {unknown}
 l - a scroll of fog {unknown}
 n - 3 scrolls of vulnerability {unknown}
 p - 2 scrolls of magic mapping {unknown}
 s - 2 scrolls of brand weapon {unknown}
 C - a scroll of amnesia {unknown}
 F - a scroll of butterflies {unknown}
Potions
 b - 3 potions of flight {unknown}
 d - a potion of might
 h - a potion of haste {unknown}
 m - 4 potions of curing {unknown}
 o - a potion of lignification {unknown}
 r - a potion of cancellation {unknown}
 u - 2 potions of ambrosia {unknown}
 z - 2 potions of mutation {unknown}
 A - a potion of heal wounds {unknown}
 D - a potion of degeneration {unknown}


   Skills:
 * Level 7.7 Fighting
 - Level 3.9 Maces & Flails
 + Level 3.0 Polearms
 + Level 6.4 Armour
 + Level 2.8 Dodging
 + Level 6.4 Shields


You had 8 spell levels left.
You didn't know any spells.
Your spell library contained the following spells:

 Spells                   Type           Power      Damage    Failure   Level
 Freeze                   Ice            0%         1d3       92%         1
 Slow                     Hex            0%         N/A       92%         1
 Lesser Beckoning         Tloc           0%         N/A       98%         2
 Poisonous Vapours        Pois/Air       0%         N/A       98%         2
 Confusing Touch          Hex            0%         N/A       100%        3
 Frozen Ramparts          Ice            0%         1d1       100%        3
 Gell's Gravitas          Tloc           0%         N/A       100%        3
 Hailstorm                Conj/Ice       0%         3d3       100%        3
 Mephitic Cloud           Conj/Pois/Air  0%         N/A       100%        3
 Ozocubu's Armour         Ice            0%         N/A       100%        3
 Teleport Other           Tloc           0%         N/A       100%        3
 Vampiric Draining        Necr           0%         2d6       100%        3
 Ozocubu's Refrigeration  Ice            0%         4d7       100%        7
 Cigotuvi's Dreadful Rot  Necr/Pois/Air  Unusable   N/A       N/A         2

Dungeon Overview and Level Annotations

Branches:
Dungeon (7/15)             Temple (1/1) D:4

Altars:
Ashenzari
Cheibriados
Dithmenos
Elyvilon
Fedhas
Gozag
Hepliaklqana
Kikubaaqudgha
Makhleb
Nemelex Xobeh
Okawaru
Qazlal
Ru
Sif Muna
Trog
Uskayaw
Vehumet
Wu Jian
Xom
Yredelemnul
Zin
The Shining One

Shops:
D:5 (


Innate Abilities, Weirdness & Mutations

You are immune to sickness and miasma.
Your stone body is resilient. (AC +6)
You are immune to poison.
You resist negative energy. (rN+)
You are resistant to electric shocks. (rElec)
You are resistant to unholy torment.
You are immune to petrification.


Message History

The killer bee is severely wounded.
The killer bee stings you.
The jelly jiggles.
The killer bee stings you but does no damage.
You miss the killer bee.
The killer bee is severely wounded.
The killer bee closely misses you.
The killer bee stings you but does no damage.
The killer bee stings you.
You closely miss the killer bee.
The killer bee is severely wounded.
The killer bee stings you but does no damage. x3
You puncture the killer bee!
You kill the killer bee!
Okawaru accepts your kill. You block the killer bee's attack.
You closely miss the killer bee.
The killer bee stings you but does no damage. x2
The killer bee stings you.
You puncture the killer bee!
You kill the killer bee!
Okawaru accepts your kill.
Your Polearms skill increases to level 3!
You hit the ogre.
The ogre is lightly wounded.
You block the ogre's attack.
You puncture the ogre!
The ogre is heavily wounded.
The ogre hits you with a +0 giant spiked club!
You barely miss the ogre.
The ogre is heavily wounded.
The ogre hits you with a +0 giant spiked club.
You closely miss the ogre.
The ogre is heavily wounded.
The ogre hits you with a +0 giant spiked club!!
* * * LOW HITPOINT WARNING * * *
You puncture the ogre!
The ogre is almost dead.
The ogre hits you with a +0 giant spiked club!
You die...

#.#
#.#
#.#
#.#
#.#
#.#
#.#
#.#
#.#
#.#
#.#
#.#
#.#
#@#
#O#
#J#
#.#
...
...
#[#
.#.


You could see an ogre and a jelly.

Vanquished Creatures
  Grinder (D:6)
  A wyvern (D:7)
  A steam dragon (D:6)
  2 water moccasins
  2 ice beasts (D:6)
  A bullfrog (D:6)
  A gnoll sergeant (D:4)
  3 scorpions
  A wight (D:7)
  4 killer bees (D:7)
  2 hounds (D:6)
  2 orc wizards
  3 iguanas
  6 adders
  7 gnolls
  A shadow imp (D:6)
  An ufetubus (D:6)
  A worm (D:5)
  A dart slug (D:3)
  17 orcs
  12 ball pythons
  17 endoplasms
  3 giant cockroaches
  10 goblins
  5 hobgoblins
  2 jackals (D:1)
  A quokka (D:1)
  3 bats
  3 frilled lizards
  5 kobolds
  5 rats
124 creatures vanquished.

Vanquished Creatures (others)
  7 plants (D:5)
  5 toadstools (D:1)
12 creatures vanquished.

Grand Total: 136 creatures vanquished

Notes
Turn   | Place    | Note
-------+----------+-------------------------------------------
     0 | D:1      | shadizar the Gargoyle Fighter began the quest for the Orb.
     0 | D:1      | Reached XP level 1. HP: 14/14 MP: 1/1
   191 | D:1      | Reached XP level 2. HP: 11/19 MP: 2/2
   643 | D:1      | Reached XP level 3. HP: 15/23 MP: 3/3
   888 | D:2      | Found a faded altar of an unknown god.
   977 | D:2      | Found a basalt altar of Yredelemnul.
  1427 | D:3      | Found an iron altar of Okawaru.
  1427 | D:3      | Found an opulent altar of Gozag.
  1442 | D:3      | Became a worshipper of Warmaster Okawaru
  1582 | D:3      | Reached XP level 4. HP: 25/29 MP: 4/4
  1636 | D:3      | Reached skill level 4 in Fighting
  2134 | D:3      | Noticed a scorpion
  2145 | D:3      | Killed a scorpion
  2146 | D:3      | Reached XP level 5. HP: 23/34 MP: 5/5
  2587 | D:4      | Found a staircase to the Ecumenical Temple.
  2597 | Temple   | Entered the Ecumenical Temple
  3004 | D:4      | Reached XP level 6. HP: 29/39 MP: 6/6
  3596 | D:5      | Entered Level 5 of the Dungeon
  3876 | D:5      | Reached skill level 5 in Fighting
  3876 | D:5      | Reached skill level 5 in Armour
  3876 | D:5      | Reached skill level 5 in Shields
  4025 | D:5      | Reached XP level 7. HP: 32/44 MP: 7/7
  4324 | D:5      | Found Iniujuhi's Antique Weapon Shop.
  4329 | D:5      | Bought an ancient spear for 192 gold pieces
  4329 | D:5      | Identified the +6 spear of the Bursting Messenger {heavy,
                  | Contam Will+ Str+7 Dex-2 Stlth+} (You bought it in a shop
                  | on level 5 of the Dungeon)
  4654 | D:6      | Noticed Grinder
  4671 | D:6      | Killed Grinder
  4671 | D:6      | Reached * piety under Okawaru
  4672 | D:6      | Reached skill level 1 in Polearms
  4672 | D:6      | Reached skill level 1 in Dodging
  4740 | D:6      | Reached skill level 6 in Fighting
  4744 | D:6      | Reached XP level 8. HP: 25/51 MP: 8/8
  4942 | D:6      | Reached ** piety under Okawaru
  5475 | D:7      | Noticed a wyvern
  5481 | D:7      | Killed a wyvern
  5482 | D:7      | Reached skill level 7 in Fighting
  5598 | D:7      | Reached XP level 9. HP: 56/57 MP: 6/9
  5614 | D:7      | Slain by an ogre

Illustrated notes

Levels and vault maps discovered:
D:1:      ldierk_walled_garden, layout_loops_ring, grunt_decor_fettered,
          hangedman_abyss_or_decor_stabs, grunt_decor_resistance,
          nicolae_figureground_sparkle
D:2:      layout_basic, dreamdust_ecumenical_altar_statues, basic_altar
D:3:      layout_basic, chequers_temple_overflow_statue_of_worship,
          minmay_pentangle
D:4:      layout_basic, minmay_temple_entry_junction_2, lightli_minifort
D:5:      layout_loops_cross, serial_bayou, serial_bayou_lagoon_a,
          serial_bayou_crossing, serial_bayou_pond_e, serial_bayou_ford_a,
          serial_shops, nicolae_shop_stone
D:6:      layout_loops_cross, uniq_grinder
D:7:      cheibrodos_fzero, layout_loops_ring
Temple:   mainiacjoe_temple_cubbyholes

Skill      XL: |  1  2  3  4  5  6  7  8  9 |
---------------+----------------------------+-----
Fighting       | 4 5 6 7 |  7.7
Armour         | 4 5 6 |  6.4
Shields        | 4 5 6 |  6.4
Maces & Flails | 3 |  3.9
Polearms       | 1 2 3 |  3.0
Dodging        | 1 2 |  2.8

Action                     |  1- 3 |  4- 6 |  7- 9 || total
---------------------------+-------+-------+-------++-------
  Melee: Flail             |   131 |   166 |       ||   297
         Morningstar       |       |    19 |    14 ||    33
         Spear             |       |       |   116 ||   116
 Invoke: Heroism           |       |       |     2 ||     2
 Armour: Scale mail        |    35 |       |       ||    35
         Chain mail        |    40 |   120 |   114 ||   274
  Dodge: Dodged            |    53 |    81 |    71 ||   205
  Block: Buckler           |    29 |    52 |    40 ||   121

Table legend: (Time is in decaauts)
 A = Elapsed time spent in this place.
 B = Non-inter-level travel time spent in this place.
 C = Inter-level travel time spent in this place.
 D = Time resting spent in this place.
 E = Time spent auto-exploring this place.
 F = Levels seen in this place.
 G = Mean time per level.
                   A        B        C        D        E       F      G
               +--------+--------+--------+--------+--------+-----+--------+
         Total |   5805 |   5609 |    196 |      0 |   4432 |   8 |  725.6 |
       Dungeon |   5383 |   5240 |    143 |      0 |   4084 |   7 |  769.0 |
        Temple |    421 |    368 |     53 |      0 |    348 |   1 |  421.0 |
               +--------+--------+--------+--------+--------+-----+--------+

Top non-repeatable levels by time:
     D:5: 984 daAuts
     D:6: 980 daAuts
     D:4: 977 daAuts
     D:1: 881 daAuts
     D:3: 821 daAuts
     D:2: 585 daAuts
  Temple: 421 daAuts
     D:7: 153 daAuts
